 Dungeon Crawl Stone Soup version 0.29-a0-791-ga0f254aafb (webtiles) character file.

Game seed: 12096111012162717985

25 Conn the Firebug (level 3, -2/21 HPs)
             Began as an Octopode Fire Elementalist on July 3, 2022.
             Slain by a hobgoblin (4 damage)
             ... on level 1 of the Dungeon.
             The game lasted 00:02:32 (700 turns).

Conn the Firebug (Octopode Fire Elementalist)        Turns: 700, Time: 00:02:34

Health: -2/21      AC:  1    Str:  7    XL:     3   Next: 4%
Magic:  2/6        EV: 13    Int: 19    God:
Gold:   20         SH:  0    Dex: 12    Spells: 5/6 levels left

rFire   . . .      SeeInvis .   e - +0 dagger
rCold   . . .      Faith    .   (no shield)
rNeg    . . .      Spirit   .   (helmet restricted)
rPois   .          Reflect  .   (no amulet)
rElec   .          Harm     .   c - ring of resist corrosion
rCorr   +          Rampage  .   (no ring)
Will    .....                   (no ring)
Stlth   +++.......              (no ring)
HPRegen 0.07/turn               (no ring)
MPRegen 0.10/turn               (no ring)
                                (no ring)
                                (no ring)

@: flying
A: almost no armour, amphibious, 8 rings, camouflage 1, gelatinous body 1,
(nimble swimmer 1), tentacles
a: no special abilities


You were on level 1 of the Dungeon.
You visited 1 branch of the dungeon, and saw 1 of its levels.

You collected 20 gold pieces.

Inventory:

Hand Weapons
 e - a +0 dagger (weapon)
Jewellery
 c - a ring of resist corrosion (left tentacle)
Scrolls
 d - a scroll of identify
Potions
 a - a potion of magic


   Skills:
 + Level 2.1 Dodging
 + Level 2.7 Stealth
 + Level 2.3 Spellcasting
 + Level 1.0 Conjurations
 + Level 3.6 Fire Magic


You had 5 spell levels left.
You knew the following spells:

 Your Spells              Type           Power      Damage    Failure   Level
a - Foxfire               Conj/Fire      44%        2x1d6     6%          1

Your spell library contained the following spells:

 Spells                   Type           Power      Damage    Failure   Level
 Scorch                   Fire           32%        2d7       5%          2
 Conjure Flame            Conj/Fire      11%        6-21      19%         3
 Inner Flame              Hex/Fire       9%         N/A       22%         3
 Flame Wave               Conj/Fire      11%        2d5       52%         4
 Conjure Ball Lightning   Conj/Air       2%         3x3d6     100%        6
 Discord                  Hex            1%         N/A       100%        8
 Disjunction              Tloc           1%         N/A       100%        8


Dungeon Overview and Level Annotations

Branches:
Dungeon (1/15)

Altars:

Shops:
D:1 ?


Innate Abilities, Weirdness & Mutations

You cannot wear most types of armour.
You are amphibious.
You can wear up to eight rings at the same time.
Your skin changes colour to match your surroundings (Stealth+).
Your rubbery body absorbs attacks. (AC +1, EV +1)
((You are camouflaged when in or above water. (Stealth+)))
You have tentacles for arms and can constrict up to eight enemies at once.


Message History

You conjure some foxfire!
The ball python barely misses you. The ball python closely misses you.
The ball python misses you. The ball python grabs you.
The ball python constricts you.
* * * LOW HITPOINT WARNING * * *
Unknown command.
You hit the ball python. Your grab misses the ball python.
The ball python is severely wounded.
The foxfire hits the ball python.
You kill the ball python!
The foxfire hits the kobold but does no damage.
The kobold throws a stone.
The stone hits you.
* * * LOW HITPOINT WARNING * * *
It was a potion of flight.
You feel very buoyant.
You fly up into the air.
Casting: Foxfire (safe; 6% risk of failure)
Confirm with . or Enter, or press ? or * to list all spells.
You conjure some foxfire!
The hobgoblin closely misses you.
The foxfire hits the hobgoblin.
The hobgoblin is moderately wounded.
As you read the scroll labelled OMMOAV JUCO, it crumbles to dust.
It is a scroll of identify.
You don't have any unidentified items.
The foxfire hits the hobgoblin.
The hobgoblin is severely wounded.
The hobgoblin completely misses you.
Casting: Foxfire (safe; 6% risk of failure)
Confirm with . or Enter, or press ? or * to list all spells.
You conjure some foxfire!
The hobgoblin barely misses you. The hobgoblin hits you.
* * * LOW HITPOINT WARNING * * *
Unknown command.
You hit the hobgoblin. Your grab misses the hobgoblin.
The hobgoblin is heavily wounded.
The foxfire hits the hobgoblin.
You kill the hobgoblin!
The foxfire hits the kobold but does no damage.
A bat comes into view.
The hobgoblin hits you.
You die...

. .)....# .##
...... . ..b
+.....#
#.##.##....)#
............
........#..#
#.....#..#
#.###.#g#..#
.....K.@#..#
..#..##ยงยง..#
#. ###..# ..
##..### ..
#.....# .
#.###.######
#. #......# #.
#.####.# #.
...# #.#


You could see a hobgoblin, a bat and a kobold.

Vanquished Creatures
  3 endoplasms (D:1)
  A giant cockroach (D:1)
  4 goblins (D:1)
  3 hobgoblins (D:1)
  A kobold (D:1)
  4 ball pythons (D:1)
  4 bats (D:1)
  A frilled lizard (D:1)
  2 rats (D:1)
23 creatures vanquished.

Vanquished Creatures (others)
  45 foxfires (D:1)
45 creatures vanquished.

Grand Total: 68 creatures vanquished

Notes
Turn   | Place    | Note
-------+----------+-------------------------------------------
     0 | D:1      | Conn the Octopode Fire Elementalist began the quest for the
                  | Orb.
     0 | D:1      | Reached XP level 1. HP: 11/11 MP: 3/3
    94 | D:1      | Reached XP level 2. HP: 13/17 MP: 0/5
   546 | D:1      | Found Orufada's Magic Scroll Boutique.
   641 | D:1      | Reached XP level 3. HP: 21/21 MP: 1/6
   700 | D:1      | Slain by a hobgoblin

Illustrated notes

Levels and vault maps discovered:
D:1:      dpeg_arrival_chambers_temple_mockup, layout_loops_ring,
          hellmonk_ecumenical_altar_blasted, serial_shops, nicolae_diamond_shop,
          nicolae_shop_behind_doors, nicolae_shop_hallway_stairs

Action                   || total
-------------------------++-------
Melee: Unarmed           ||    13
       Constrict         ||     7
       Dagger            ||     6
       Tentacles         ||     1
 Cast: Foxfire           ||    33
  Use: Scroll            ||     1
       Potion            ||     1
Armor: Skin              ||     7
Dodge: Dodged            ||    26

Table legend: (Time is in decaauts)
 A = Elapsed time spent in this place.
 B = Non-inter-level travel time spent in this place.
 C = Inter-level travel time spent in this place.
 D = Time resting spent in this place.
 E = Time spent auto-exploring this place.
 F = Levels seen in this place.
 G = Mean time per level.
                   A        B        C        D        E       F      G
               +--------+--------+--------+--------+--------+-----+--------+
         Total |    699 |    699 |      0 |      0 |    511 |   1 |  699.0 |
       Dungeon |    699 |    699 |      0 |      0 |    511 |   1 |  699.0 |
               +--------+--------+--------+--------+--------+-----+--------+

Top non-repeatable levels by time:
     D:1: 699 daAuts
